 Dungeon Crawl Stone Soup version 0.27.1-33-g824d729ab1 (webtiles) character file.

Game seed: 2995182975269850763

20 zeram the Caller (level 2, 0/15 HPs)
             Began as a Deep Elf Summoner on Dec 1, 2021.
             Slain by Natasha (6 damage)
             ... on level 2 of the Dungeon.
             The game lasted 00:02:29 (1802 turns).

zeram the Caller (Deep Elf Summoner)                Turns: 1802, Time: 00:02:30

Health: 0/15       AC:  3    Str:  5    XL:     2   Next: 58%
Magic:  0/8        EV: 12    Int: 19    God:
Gold:   12         SH:  0    Dex: 15    Spells: 5/8 levels left

rFire    . . .     SeeInvis .   b - +0 dagger
rCold    . . .     Faith    .   (no shield)
rNeg     . . .     Spirit   .   a - +0 robe
rPois    .         Reflect  .   (no helmet)
rElec    .         Harm     .   (no cloak)
rCorr    .         Rampage  .   e - +0 pair of gloves
Will     .....                  (no boots)
Stlth    ++........             (no amulet)
HPRegen  0.05/turn              (no ring)
MPRegen  0.11/turn              (no ring)

@: no status effects
A: no striking features
a: no special abilities


You were on level 2 of the Dungeon.
You visited 1 branch of the dungeon, and saw 2 of its levels.

You collected 12 gold pieces.

Inventory:

Hand Weapons
 b - a +0 dagger (weapon)
Armour
 a - a +0 robe (worn)
 e - a +0 pair of gloves (worn)
Potions
 c - a potion of resistance {unknown}
 d - a potion of might {unknown}


   Skills:
 + Level 2.4 Dodging
 - Level 2.4 Stealth
 + Level 3.5 Spellcasting
 + Level 4.9 Summonings


You had 5 spell levels left.
You knew the following spells:

 Your Spells              Type           Power      Damage    Failure   Level
a - Summon Small Mammal   Summ           88%        N/A       1%          1
b - Call Imp              Summ           22%        N/A       2%          2

Your spell library contained the following spells:

 Spells                   Type           Power      Damage    Failure   Level
 Call Canine Familiar     Summ           22%        N/A       5%          3
 Summon Guardian Golem    Hex/Summ       12%        N/A       16%         3
 Summon Lightning Spire   Summ/Air       12%        N/A       45%         4


Dungeon Overview and Level Annotations

Branches:
Dungeon (2/15)

Altars:

Annotations:
D:2 Natasha


Message History

The magic dart hits you.
Casting: Call Imp (safe; 2% risk of failure)
Confirm with . or Enter, or press ? or * to list all spells.
A beastly little devil appears in a puff of flame.
Natasha claws you.
You are too injured to fight recklessly!
You are too injured to fight recklessly!
Unknown command.
Casting: Call Imp (safe; 2% risk of failure)
Confirm with . or Enter, or press ? or * to list all spells.
A beastly little devil appears in a puff of flame.
Natasha stares at you and mumbles some strange words.
You resist with significant effort.
Your crimson imp hits Natasha.
Casting: Call Imp (safe; 2% risk of failure)
Confirm with . or Enter, or press ? or * to list all spells.
A beastly little devil appears in a puff of flame.
Your crimson imp says, "Let's raise disruption!"
Your crimson imp closely misses Natasha.
Natasha barely misses you.
You barely miss Natasha.
Natasha is lightly wounded.
Your crimson imp blinks!
Natasha casts a spell.
Your crimson imp hits Natasha. x2
Unknown command.
Casting: Call Imp (safe; 2% risk of failure)
Confirm with . or Enter, or press ? or * to list all spells.
A beastly little devil appears in a puff of flame.
Natasha barely misses you.
The white imp barely misses something.
Your crimson imp hits Natasha.
You miss Natasha.
Natasha is heavily wounded.
Natasha barely misses you.
The white imp closely misses something.
Your crimson imp closely misses Natasha. x2
Unknown command.
You barely miss Natasha.
Natasha is heavily wounded.
Your crimson imp disappears in a puff of smoke!
Natasha claws you.
You die...

#### ## ##...## .
##.....##
#.##.......####
..###.#...........#
#.................#
#..5§h5.5.......##
......5#@..........#
#####.###.....##.#.#
#. ##...###.#.# #
###.#.....#
#.#.#.#.# #.#.#.#.#
#.#.#.#.# #.......#
###...###


You could see Natasha (ally target), a white imp (summoned) and 2 friendly
crimson imps.

Vanquished Creatures
  A ball python (D:2)
  3 hobgoblins (D:1)
  A bat (D:1)
5 creatures vanquished.

Vanquished Creatures (collateral kills)
  2 dart slugs (D:1)
  An endoplasm (D:2)
  A goblin (D:1)
  A hobgoblin (D:1)
  3 jackals (D:1)
  A quokka (D:1)
  A ball python (D:1)
  A bat (D:1)
  3 frilled lizards (D:1)
  2 kobolds
  A rat (D:1)
17 creatures vanquished.

Grand Total: 22 creatures vanquished

Notes
Turn   | Place    | Note
-------+----------+-------------------------------------------
     0 | D:1      | zeram the Deep Elf Summoner began the quest for the Orb.
     0 | D:1      | Reached XP level 1. HP: 10/10 MP: 6/6
   539 | D:1      | Reached XP level 2. HP: 6/15 MP: 8/8
   542 | D:1      | Learned a level 2 spell: Call Imp
  1790 | D:2      | Noticed Natasha
  1802 | D:2      | Slain by Natasha

Illustrated notes

Levels and vault maps discovered:
D:1:      grunt_arrival_crossed_arrows, layout_basic
D:2:      layout_loops_corners, basic_altar, minivault_24,
          minmay_divided_ellipse, uniq_natasha, uniq_crazy_yiuf_cottage,
          uniq_robin

Action                   || total
-------------------------++-------
Melee: Dagger            ||    38
       Unarmed           ||     4
 Cast: Summon Small Mamm ||    11
       Call Imp          ||    12
  Use: Scroll            ||     1
 Stab: Sleeping          ||     4
Armor: Robe              ||     7
Dodge: Dodged            ||    23
